 Seeded DCSS version 0.29-a0-371-g91724d5b39 (webtiles) character file.

Game seed: 12468528015185605750 (custom seed)

221 zeratav the Cudgeller (level 5, -2/45 HPs)
             Began as a Minotaur Fighter on May 2, 2022.
             Killed from afar by an orc wizard (5 damage)
             ... with a puff of flame
             ... on level 4 of the Dungeon.
             The game lasted 00:02:57 (2990 turns).

zeratav the Cudgeller (Minotaur Fighter)            Turns: 2990, Time: 00:02:58

Health: -2/45      AC:  6    Str: 23    XL:     5   Next: 65%
Magic:  4/4        EV:  9    Int:  5    God:
Gold:   226        SH:  0    Dex:  9    Spells: 4/4 levels left

rFire   . . .      SeeInvis .   a - +0 flail {mace}
rCold   . . .      Faith    .   c - +0 buckler
rNeg    . . .      Spirit   .   b - +0 scale mail
rPois   .          Reflect  .   (helmet restricted)
rElec   .          Harm     .   (no cloak)
rCorr   .          Rampage  .   (no gloves)
Will    .....                   (no boots)
Stlth   ..........              (no amulet)
HPRegen 0.15/turn               (no ring)
MPRegen 0.09/turn               (no ring)

@: confused
A: horns 2, retaliatory headbutt
a: no special abilities


You were on level 4 of the Dungeon.
You visited 1 branch of the dungeon, and saw 4 of its levels.

You collected 226 gold pieces.


Innate Abilities, Weirdness & Mutations

You have a pair of horns on your head.
You reflexively headbutt those who attack you in melee.


   Skills:
 - Level 3.6 Fighting
 + Level 7.2 Maces & Flails
 - Level 3.6 Armour
 - Level 3.6 Shields


You had 4 spell levels left.
You didn't know any spells.
Your spell library contained the following spells:

 Spells                   Type           Power      Damage    Failure   Level
 Shock                    Conj/Air       0%         1d3       86%         1
 Scorch                   Fire           0%         2d5       95%         2
 Call Canine Familiar     Summ           0%         N/A       99%         3
 Portal Projectile        Hex/Tloc       0%         N/A       99%         3
 Swiftness                Air            0%         N/A       99%         3
 Airstrike                Air            0%         N/A       100%        4
 Flame Wave               Conj/Fire      0%         2d4       100%        4
 Leda's Liquefaction      Hex/Erth       0%         N/A       100%        4
 Summon Cactus Giant      Summ           0%         N/A       100%        6

Inventory:

Hand Weapons
 a - a +0 flail (weapon) {mace}
 r - a +1 short sword of draining {short}
   (You found it on level 1 of the Dungeon)
 s - a +2 spear of flaming {polearm}
   (You found it on level 1 of the Dungeon)
 t - a +1 dagger of venom {short}
   (You took it off a goblin on level 2 of the Dungeon)
Missiles
 C - 2 datura-tipped darts (quivered) {throwing}
 D - 5 silver javelins {throwing}
Armour
 b - a +0 scale mail (worn)
 c - a +0 buckler (worn)
 f - a +0 leather armour
   (You found it on level 1 of the Dungeon)
 h - a +0 robe
   (You found it on level 1 of the Dungeon)
 j - a +0 scale mail
   (You found it on level 1 of the Dungeon)
 k - a +0 ring mail
   (You found it on level 1 of the Dungeon)
 o - a +0 ring mail
   (You found it on level 1 of the Dungeon)
 z - a +0 ring mail
   (You found it on level 2 of the Dungeon)
 B - a +0 robe
   (You found it on level 2 of the Dungeon)
 E - a +0 scale mail
   (You found it on level 3 of the Dungeon)
 F - a +0 leather armour
   (You found it on level 3 of the Dungeon)
 G - a +0 leather armour
   (You found it on level 3 of the Dungeon)
 H - a +0 ring mail
   (You took it off an orc on level 3 of the Dungeon)
 I - a +0 robe
   (You took it off an orc wizard on level 4 of the Dungeon)
 J - a +0 robe
   (You took it off an orc wizard on level 4 of the Dungeon)
Scrolls
 g - 2 scrolls of brand weapon {unknown}
 i - a scroll of vulnerability {unknown}
 m - 2 scrolls of noise {unknown}
 p - 3 scrolls of blinking {unknown}
 u - 3 scrolls of immolation {unknown}
 v - 4 scrolls of identify {unknown}
 w - a scroll of amnesia {unknown}
 x - a scroll of teleportation {unknown}
 y - a scroll of enchant weapon {unknown}
 K - a scroll of holy word {unknown}
Potions
 d - 2 potions of might
 e - a potion of brilliance {unknown}
 l - 3 potions of degeneration {unknown}
 n - 2 potions of attraction {unknown}
 q - a potion of mutation {unknown}
 A - a potion of ambrosia {unknown}

Dungeon Overview and Level Annotations

Branches:
Dungeon (4/15)
 Temple: D:4-7

Altars:
Ru

..##. .# . ..... ... ..#
..#.###.#. ..# ........
...#...
..##.....##.......
..........#.#.# . #.
#...#.#.#...#.#
....#.#.#..........
#....)@$##.....##..
......#o..(..........
.#....#....#.###.#....
......#...............
.##.......##)....##.. ..
..#.#.#...........# #.#
.#.#...#.#.#...#.#.#...#
........#.#.#........
#.....##.......##....


You could see an orc wizard.


Message History

You kill the orc!
Something hits you but does no damage. x2
You completely miss something. You headbutt something.
Something hits you but does no damage.
You closely miss something. You block something's attack.
You miss something. You block something's attack.
HP[+1]
You miss something. Your headbutt misses something.
You hear some strange, mumbled words.
A magic dart appears from out of thin air!
The magic dart hits you.
* * * LOW HITPOINT WARNING * * *
HP[-1]
You take 1 damage, and now have 21/45 hp.
You miss something. Something hits you.
* * * LOW HITPOINT WARNING * * *
HP[-1]
You take 1 damage, and now have 20/45 hp.
You closely miss something. Your headbutt misses something.
You block something's attack.
You barely miss something. Something hits you but does no damage.
You miss something. Something hits you but does no damage.
You hit something. Something hits you but does no damage.
You barely miss something. Your headbutt misses something.
You block something's attack.
HP[+1]
You barely miss something. You headbutt something.
Something hits you but does no damage.
You miss something. Something hits you.
* * * LOW HITPOINT WARNING * * *
HP[-3]
You take 3 damage, and now have 18/45 hp.
You hit something. You headbutt something. You block something's attack.
You closely miss something.
You hear some strange, mumbled words.
A puff of flame appears from out of thin air!
The puff of flame misses you.
You hear some strange, mumbled words.
A magic dart appears from out of thin air!
The magic dart hits you.
* * * LOW HITPOINT WARNING * * *
HP[-3]
You take 3 damage, and now have 15/45 hp.
You miss something. Your headbutt misses something.
You hear some strange, mumbled words.
You are confused.
Something hits you but does no damage.
Items here: )) [[ †.
HP[+1]
You closely miss something.
You hear some strange, mumbled words.
A magic dart appears from out of thin air!
The magic dart hits you.
* * * LOW HITPOINT WARNING * * *
HP[-4]
You take 4 damage, and now have 12/45 hp.
You miss something. Your headbutt misses something.
Something hits you but does no damage.
You hear some strange, mumbled words.
You are more confused.
Something hits you but does no damage.
You hear some strange, mumbled words.
You are more confused.
Something hits you but does no damage.
HP[+1]
Something hits you.
* * * LOW HITPOINT WARNING * * *
HP[-2]
You take 2 damage, and now have 11/45 hp.
Something hits you.
* * * LOW HITPOINT WARNING * * *
Items here: )) [[ †.
HP[-4]
You take 4 damage, and now have 7/45 hp.
You miss something. Your headbutt misses something. Something hits you.
* * * LOW HITPOINT WARNING * * *
HP[-3]
You take 3 damage, and now have 4/45 hp.
You completely miss something. Something hits you but does no damage.
You bump into the rock wall.
You hear some strange, mumbled words.
A magic dart appears from out of thin air!
The magic dart hits you.
* * * LOW HITPOINT WARNING * * *
HP[-2]
You take 2 damage, and now have 2/45 hp.
An orc wizard appears from thin air!
Reactivating autopickup.
The orc wizard hits you but does no damage.
Non-targeted confused throw: 3 darts (datura) {throwing}
Press: ? - help, Q - select action, (/) - cycle Dir - look around, f - activate Look: an orc wizard, wielding a +0 dagger and wearing a +0 robe (moderately wounded)
You throw a datura-tipped dart {throwing}.
The orc wizard barely misses you.
HP[+1]
You barely miss the orc wizard. The orc wizard barely misses you.
You're too confused to move!
The orc wizard gestures at you while chanting.
The puff of flame hits you.
You die...

Skill      XL: |  1  2  3  4  5 |
---------------+----------------+-----
Maces & Flails | 3 4 5 6 7 |  7.2
Fighting       | |  3.6
Armour         | |  3.6
Shields        | |  3.6

Action                   |  1- 3 |  4- 6 || total
-------------------------+-------+-------++-------
Melee: Flail             |    69 |    70 ||   139
       Headbutt          |     5 |     8 ||    13
Throw: Dart              |       |     4 ||     4
Armor: Scale mail        |    32 |    34 ||    66
Dodge: Dodged            |    29 |    30 ||    59
Block: Buckler           |    15 |    17 ||    32

Levels and vault maps discovered:
D:1:      matt_arrival_refuge, layout_loops_ring,
          shapermc_ecumenical_altar_ellora, grunt_decor_one_mirror,
          grunt_decor_cap, minmay_pentomino_s4
D:2:      minmay_general_purpose_star, layout_basic, basic_altar,
          grunt_decor_fettered
D:3:      layout_basic
D:4:      nicolae_cairo_tiling_large_dashed, layout_cave_pools

Notes
Turn   | Place    | Note
-------+----------+-------------------------------------------
     0 | D:1      | zeratav the Minotaur Fighter began the quest for the Orb.
     0 | D:1      | Reached XP level 1. HP: 19/19 MP: 0/0
     0 | D:1      | magus.rc [v1.9.6]
    21 | D:1      | You pick up a book of Air and begin reading...
    21 | D:1      | You add the spells Shock, Swiftness and Airstrike to your
                  | library.
    71 | D:1      | You pick up a book of Scorching and begin reading...
    71 | D:1      | You add the spells Scorch, Flame Wave and Summon Cactus
                  | Giant to your library.
   100 | D:1      | You pick up a book of the Hunter and begin reading...
   100 | D:1      | You add the spells Call Canine Familiar, Portal Projectile
                  | and Leda's Liquefaction to your library.
   174 | D:1      | Reached skill level 3 in Maces & Flails
   235 | D:1      | Found a faded altar of an unknown god.
   412 | D:1      | Reached XP level 2. HP: 26/26 MP: 1/1
   894 | D:2      | Reached skill level 4 in Maces & Flails
  1137 | D:2      | Reached XP level 3. HP: 28/31 MP: 2/2
  1429 | D:2      | Found a sacrificial altar of Ru.
  1875 | D:3      | Reached skill level 5 in Maces & Flails
  1941 | D:3      | Reached XP level 4. HP: 36/39 MP: 3/3
  2232 | D:3      | You pick up a book of the Hunter and begin reading...
  2854 | D:4      | Reached skill level 6 in Maces & Flails
  2858 | D:4      | Reached XP level 5. HP: 45/45 MP: 4/4
  2954 | D:4      | Reached skill level 7 in Maces & Flails
  2982 | D:4      | HP: 11/45 [something (2)]
  2984 | D:4      | HP: 4/45 [something (3)]
  2990 | D:4      | Killed from afar by an orc wizard

Vanquished Creatures
  An orc priest (D:4)
  A jelly (D:4)
  5 adders
  An ufetubus (D:4)
  A worm (D:2)
  3 orcs
  8 endoplasms
  7 goblins
  2 hobgoblins
  6 jackals
  3 kobolds
  5 quokkas
  A ball python (D:2)
  5 bats
  3 frilled lizards
  5 rats
57 creatures vanquished.

Vanquished Creatures (collateral kills)
  2 orc wizards (D:4)
2 creatures vanquished.

Grand Total: 59 creatures vanquished

Table legend:
 A = Non-vault XP
 B = Vault XP
 C = Vault XP percentage of total XP
 D = Non-vault monster count
 E = Vault monster count
 F = Vault count percentage of total count
                 A         B        C        D         E       F
            +---------+---------+-------+---------+---------+-------
      Total |     304 |      12 |   3.8 |      51 |       8 |  13.6
            +---------+---------+-------+---------+---------+-------
        D:1 |      20 |       6 |  23.1 |      14 |       3 |  17.6
        D:2 |      45 |       6 |  11.8 |      11 |       5 |  31.2
        D:3 |      52 |       0 |   0.0 |      15 |       0 |   0.0
        D:4 |     187 |       0 |   0.0 |      11 |       0 |   0.0
            +---------+---------+-------+---------+---------+-------

Illustrated notes

Table legend:
 A = Kills in this place as a percentage of kills in entire the game.
 B = Kills by you in this place as a percentage of kills by you in the entire game.
 C = Kills by friends in this place as a percentage of kills by friends in the entire game.
 D = Other kills in this place as a percentage of other kills in the entire game.
 E = Experience gained in this place as a percentage of experience gained in the entire game.
 F = Experience gained in this place divided by the number of levels of this place that you have seen.
                   A       B       C       D       E      F
               +-------+-------+-------+-------+-------+----------------------
         Total | 100.0 | 100.0 | 100.0 |   N/A | 100.0 |  79.0
       Dungeon | 100.0 | 100.0 | 100.0 |   N/A | 100.0 |  79.0
               +-------+-------+-------+-------+-------+----------------------

Table legend: (Time is in decaauts)
 A = Elapsed time spent in this place.
 B = Non-inter-level travel time spent in this place.
 C = Inter-level travel time spent in this place.
 D = Time resting spent in this place.
 E = Time spent auto-exploring this place.
 F = Levels seen in this place.
 G = Mean time per level.
                   A        B        C        D        E       F      G
               +--------+--------+--------+--------+--------+-----+--------+
         Total |   3016 |   2885 |    131 |      0 |   2501 |   4 |  754.0 |
       Dungeon |   3016 |   2885 |    131 |      0 |   2501 |   4 |  754.0 |
               +--------+--------+--------+--------+--------+-----+--------+

Top non-repeatable levels by time:
     D:2: 991 daAuts
     D:3: 980 daAuts
     D:1: 880 daAuts
     D:4: 164 daAuts
